 Dungeon Sprint DCSS version 0.23.2-30-g0e89c35 (webtiles) character file.

Game seed: 16826214438393178532

39 Fang the Skirmisher (level 3, -4/37 HPs)
             Began as a Gargoyle Berserker on June 12, 2019.
             Was a Believer of Trog.
             Killed by divine providence
             ... invoked by an orc priest
              (16 damage)
             ... in the Dungeon (Sprint V: "Ziggurat Sprint").
             The game lasted 00:00:37 (98 turns).

Fang the Skirmisher (Gargoyle Berserker)              Turns: 98, Time: 00:00:37

Health: -4/37      AC: 30    Str: 38    XL:     3   Next: 47%
Magic:  3/3        EV:  9    Int:  7    God:    Trog [**....]
Gold:   0          SH:  0    Dex:  9    Spells: 2/2 levels left

rFire    . . .     SeeInvis .   k - +5 executioner's axe
rCold    . . .     Gourm    .   (shield currently unavailable)
rNeg     + . .     Faith    .   j - +15 Maxwell's patent armour {-Cast -Tele rElec MR+ rCorr}
rPois    ∞         Spirit   .   (no helmet)
rElec    +         Reflect  .   (no cloak)
rCorr    +         Harm     .   (no gloves)
MR       +....     NoTele   +   (no boots) Stlth ..........NoCast +
                                (no amulet)
HPRegen  0.12/turn              D - +6 ring of strength
MPRegen  0.08/turn              E - +6 ring of strength

@: berserking, very quick
A: negative energy resistance 1, electricity resistance, unbreathing,
petrification resistance, rot immunity, AC +3
a: Berserk, Trog's Hand, Renounce Religion


You were in the Dungeon.
You worshipped Trog.
Trog was pleased with you.
You were not hungry.

You visited 1 branch

Inventory:

Hand Weapons
 k - a +5 executioner's axe (weapon)
Armour
 j - the +15 Maxwell's patent armour (worn) {-Cast -Tele rElec MR+ rCorr}
   (You found it in the Dungeon)

   It insulates you from electricity.
   It affects your resistance to hostile enchantments.
   It prevents spellcasting.
   It prevents most forms of teleportation.
   It provides partial protection from all sources of acid and corrosion.
Jewellery
 D - a +6 ring of strength (left hand)
 E - a +6 ring of strength (right hand)
Wands
 w - a wand of disintegration (7)
 x - a wand of iceblast (7)
 y - a wand of acid (7)
Scrolls
 i - 4 scrolls of blinking
 l - 7 scrolls of fog
 m - a scroll of holy word
 n - 5 scrolls of identify
 o - 5 scrolls of remove curse
 p - 2 scrolls of fear
Potions
 d - 10 potions of curing
 e - 10 potions of heal wounds
 f - 6 potions of haste
 h - 3 potions of berserk rage
 r - 2 potions of invisibility
 s - 4 potions of resistance
 t - a potion of experience
Comestibles
 c - 7 rations


   Skills:
 + Level 4.9 Fighting
 + Level 4.0 Axes
 + Level 4.1 Armour
 + Level 3.1 Dodging


You had 2 spell levels left.
You didn't know any spells.
Your spell library was empty.

Dungeon Overview and Level Annotations

Branches:
Dungeon (1/1)

Altars:
Ashenzari
Cheibriados
Dithmenos
Elyvilon
Fedhas
Gozag
Hepliaklqana
Kikubaaqudgha
Makhleb
Nemelex Xobeh
Okawaru
Qazlal
Ru
Sif Muna
Trog
Uskayaw
Vehumet
Wu Jian
Xom
Yredelemnul
Zin
The Shining One
Beogh
Jiyva
Lugonu

Annotations:
D 1 transporter


Innate Abilities, Weirdness & Mutations

You are resistant to torment.
Your stone body is resilient. (AC +3)
You are immune to poison.
You resist negative energy. (rN+)
You are resistant to electric shocks. (rElec)
You can survive without breathing.
You are immune to petrification.
You are immune to rotting.


Message History

The orc priest mumbles some strange prayers to Beogh against you.
Beogh smites you!
Ouch! That really hurt!
You are too injured to fight recklessly!
You are too injured to fight recklessly!
You are too injured to fight recklessly!
You are too injured to fight recklessly!
You are too injured to fight recklessly!
You are too injured to fight recklessly!
You are too injured to fight recklessly!
You are too injured to fight recklessly!
You are too injured to fight recklessly!
You are too injured to fight recklessly!
You are too injured to fight recklessly!
You are too injured to fight recklessly!
A red film seems to cover your vision as you go berserk!
You feel yourself moving faster!
You feel mighty!
You feel a lot more hungry.
The orc priest mumbles some strange prayers to Beogh against you.
Beogh smites you!
You die...

▓▓▓▓▓▓▓▓▓▓▓▓▓
▓.8©8.▓.8©8.▓
▓.=[".▓.....▓
▓.....▓.[...▓
▓..)o.▓..|..▓
▓..@..▓.....▓
▓..(..▓..©..▓
▓..©..▓▓▓▓▓▓▓
▓▓▓▓▓▓▓


You could see an orc priest.

Vanquished Creatures
  An iron imp (D)
  A shadow imp (D)
  2 orcs (D)
4 creatures vanquished.

Vanquished Creatures (others)
  A spatial maelstrom (D)
1 creature vanquished.

Grand Total: 5 creatures vanquished

Notes
Turn   | Place    | Note
-------+----------+-------------------------------------------
     0 | D        | Found the +6 Majin-Bo {vamp, Archmagi MP+6 Int+6}
     0 | D        | Found the +7 great mace "Firestarter" {inner flame, rF++}
     0 | D        | Fang the Gargoyle Berserker began the quest for the Orb.
     0 | D        | Reached XP level 1. HP: 14/14 MP: 1/1
     1 | D        | Banished a spatial maelstrom
     2 | D        | Found a blossoming altar of Fedhas.
     3 | D        | Found a transporter.
     3 | D        | Found a viscous altar of Jiyva.
     3 | D        | Found an ancient bone altar of Kikubaaqudgha.
     3 | D        | Found a hazy altar of Hepliaklqana.
     3 | D        | Found a corrupted altar of Lugonu.
     3 | D        | Found an opulent altar of Gozag.
     3 | D        | Found a burning altar of Makhleb.
     6 | D        | Found a stormy altar of Qazlal.
     6 | D        | Found a sacrificial altar of Ru.
     6 | D        | Found an iron altar of Okawaru.
     6 | D        | Found a deep blue altar of Sif Muna.
     6 | D        | Found a sparkling altar of Nemelex Xobeh.
     6 | D        | Found a bloodstained altar of Trog.
    13 | D        | Found the +9 heavy crossbow "Sniper" {velocity, Acc+∞ SInv}
    13 | D        | Found the +10 dark maul {crush}
    13 | D        | Found the +15 Maxwell's patent armour {-Cast -Tele rElec
                  | MR+ rCorr}
    13 | D        | Found the +18 shield of the Gong {rElec rN+ MR+ EV-5}
    13 | D        | Found the cursed +14 obsidian axe {chop, +Fly SInv *Curse}
    71 | D        | Entered arena 2.
    71 | D        | Noticed an iron imp
    71 | D        | Found a transporter.
    77 | D        | Killed an iron imp
    77 | D        | Reached XP level 2. HP: 20/20 MP: 2/2
    77 | D        | Reached XP level 3. HP: 24/24 MP: 3/3
    86 | D        | Reached ** piety under Trog
    92 | D        | Entered arena 3.
    92 | D        | Found a transporter.
    98 | D        | Killed from afar by an orc priest

Skill      XL: |  1  2  3 |
---------------+----------+-----
Fighting       | 4 |  4.9
Axes           | 3 4 |  4.0
Armour         | 3 4 |  4.1
Dodging        | 2 3 |  3.1

Action                   || total
-------------------------++-------
Melee: Executioner's axe ||    17
Invok: Berserk           ||     1
Armor: Plate armour      ||    21
Dodge: Dodged            ||    12
